 Dungeon Crawl Stone Soup version 0.30-a0-297-g0ec75d9ef4 (webtiles) character file.

Game seed: 6013736879120986159

10 Flugkiller the Sneak (level 2, -2/21 HPs)
             Began as an Octopode Delver on Oct 19, 2022.
             Was an Initiate of Okawaru.
             Slain by an orc wizard
             ... wielding a +0 dagger
              (4 damage)
             ... on level 5 of the Dungeon.
             The game lasted 00:01:00 (307 turns).

Flugkiller the Sneak (Octopode Delver)               Turns: 307, Time: 00:01:01

Health: -2/21      AC:  1    Str: 11    XL:     2   Next: 20%
Magic:  2/2        EV: 13    Int: 12    God:    Okawaru [......]
Gold:   12         SH:  0    Dex: 13    Spells: 1/1 levels left

rFire   . . .      SeeInvis .    a - +0 short sword
rCold   . . .      Faith    .    (no shield)
rNeg    . . .      Spirit   .    (helmet restricted)
rPois   .          Reflect  .    (no amulet)
rElec   .          Harm     .    (no ring)
rCorr   .          Rampage  .    (no ring)
Will    .....                    (no ring)
Stlth   ++........               (no ring)
HPRegen 0.23/turn                (no ring)
MPRegen 0.08/turn                (no ring)
                                 (no ring)
                                 (no ring)

@: confused, hasted, very quick
A: almost no armour, amphibious, 8 rings, camouflage 1, gelatinous body 1,
(nimble swimmer 1), tentacles
a: Renounce Religion


You were on level 5 of the Dungeon.
You worshipped Okawaru.
Okawaru was noncommittal.
You visited 2 branches of the dungeon, and saw 2 of its levels.

You collected 12 gold pieces.

Inventory:

Hand Weapons
 a - a +0 short sword (weapon)
 g - a +0 long sword
   (You found it on level 5 of the Dungeon)
Wands
 f - a wand of digging (3)
Scrolls
 b - a scroll of fog
 d - a scroll of fear


   Skills:
 - Level 3.0 Fighting
 - Level 2.0 Short Blades
 + Level 2.8 Dodging
 - Level 6.6 Stealth


You had one spell level left.
You didn't know any spells.
Your spell library was empty.

Dungeon Overview and Level Annotations

Branches:
Dungeon (5/15) Zot: 5874   Temple (1/1) D:5 Zot: 5824

Altars:
Ashenzari
Elyvilon
Kikubaaqudgha
Okawaru
Sif Muna
Trog
Xom
Yredelemnul
Zin
The Shining One

Shops:
D:5 !

Annotations:
D:5 exclusion: orc wizard


Innate Abilities, Weirdness & Mutations

You cannot wear most types of armour.
You are amphibious.
You can wear up to eight rings at the same time.
Your skin changes colour to match your surroundings (Stealth+).
Your rubbery body absorbs attacks. (AC +1, EV +1)
((You are camouflaged when in or above water. (Stealth+)))
You have tentacles for arms and can constrict up to eight enemies at once.


Message History

There is an open door here.
There is a staircase back to the Dungeon here.
There is an empty arch of ancient stone here.
There is an empty arch of ancient stone here.
Done exploring.
Done exploring.
There is an empty arch of ancient stone here.
There is an iron altar of Okawaru here.
You curl up in front of the altar of Okawaru.
Okawaru welcomes you!
There is a staircase back to the Dungeon here.
You climb upwards.
Level annotation: exclusion: orc wizard
There is a staircase to the Ecumenical Temple here.
Unknown command.
e - a pink potion
Found a long sword.
Found a ring mail.
You see here a +0 long sword.
g - a +0 long sword A shadow imp comes into view.
You see here a +0 ring mail.
A shadow imp is nearby!
The helpless shadow imp fails to defend itself.
You puncture the shadow imp!
You kill the shadow imp!
Okawaru accepts your kill.
You have reached level 2!
Found Jaagheaff's Distillery.
A scorpion and an orc come into view.
The orc shouts!
You hear a shout! x2
The orc attacks as you move away! The orc hits you with a +0 hand axe.
An orc wizard comes into view. It is wielding a +0 dagger.
The orc barely misses you.
You hit the orc but do no damage. Your grab misses the orc.
Your squeeze misses the orc. The orc misses you.
You hit the orc. You grab the orc.
The orc is heavily wounded.
You constrict the orc. The orc closely misses you.
You hit the orc.
You kill the orc!
Okawaru accepts your kill. The orc wizard casts a spell at you.
You are confused.
Unknown command.
It was a potion of curing.
You feel better.
Okay, then.
You aren't carrying any pieces of jewellery.
Unknown command.
As you read the scroll of magic mapping, it crumbles to dust.
You feel aware of your surroundings.
You sensed 2 altars, and 1 shop/portal.
You feel yourself speed up.
The orc wizard points at you and mumbles some strange words.
You are confused.
Unknown command.
You bump into the rock wall.
An orc comes into view. It is wielding a +0 short sword.
The orc wizard misses you.
You bump into the rock wall.
You closely miss the orc wizard. Your squeeze misses the orc wizard.
The orc wizard hits you with a +0 dagger.
You miss the orc wizard. You squeeze the orc wizard.
The orc wizard is heavily wounded.
The orc wizard hits you but does no damage.
You bump into the rock wall.
You hit the orc wizard.
The orc wizard is heavily wounded.
The orc wizard casts a spell at you. The puff of flame hits you!
Ouch! That really hurt!
* * * LOW HITPOINT WARNING * * *
You hit the orc wizard but do no damage.
The orc wizard is heavily wounded.
You bump into the rock wall.
An orc comes into view. It is wielding a +0 club.
The orc wizard gestures wildly while chanting.
The orc wizard flickers and vanishes!
Deactivating autopickup; reactivate with Ctrl-A.
Unknown command.
You bump into the rock wall.
You feel less confused. Something hits you.
* * * LOW HITPOINT WARNING * * *
Unknown command.
You barely miss something.
Unknown command.
You closely miss something. Something hits you.
* * * LOW HITPOINT WARNING * * *
Unknown command.
You miss something.
You hear some strange, mumbled words.
You are confused.
You bump into the rock wall.
You barely miss something. Your squeeze misses something.
Something barely misses you.
You bump into the rock wall.
Something hits you.
* * * LOW HITPOINT WARNING * * *
You closely miss something.
You bump into the rock wall.
Something hits you.
You die...

################
****########..o{@.........#
*,,,.s...∩...############.#######
,*,,............# ######..[.....
***,#########.#.# #.......######
* **,** *.#,# #.#####.# **,*
*.#,****,* #.# * **,**
*****.#,,,,,,* #.# ####
***,*****,,,,o#******* #.# #...
,*,,,,,*,,***,* #.# #.##


You could see an orc.

Vanquished Creatures
  A shadow imp (D:5)
  An orc (D:5)
2 creatures vanquished.

Notes
Turn   | Place    | Note
-------+----------+-------------------------------------------
     0 | D:5      | Flugkiller the Octopode Delver began the quest for the Orb.
     0 | D:5      | Reached XP level 1. HP: 16/16 MP: 1/1
    10 | D:5      | Noticed an orc wizard
    28 | D:5      | Found a staircase to the Ecumenical Temple.
    28 | D:5      | Found an ancient bone altar of Kikubaaqudgha.
    28 | D:5      | Noticed a bullfrog
    36 | Temple   | Entered the Ecumenical Temple
   200 | Temple   | Became a worshipper of Warmaster Okawaru
   262 | D:5      | Reached XP level 2. HP: 21/21 MP: 2/2
   272 | D:5      | Found Jaagheaff's Distillery.
   276 | D:5      | Noticed a scorpion
   307 | D:5      | Slain by an orc wizard

Illustrated notes

Levels and vault maps discovered:
D:5:      layout_loops_ring, amcnicky_altar_gilded,
          beargit_hepliaklqana_dungeon_heroes, minmay_temple_entry_wispy,
          serial_shops, nicolae_shop_stone, shop, uniq_blork_the_orc, uniq_ijyb,
          uniq_sigmund
Temple:   hellmonk_temple_forest_ring

Action                   || total
-------------------------++-------
Melee: Short sword       ||    13
       Constrict         ||     1
       Tentacles         ||     1
  Use: Potion            ||     2
       Scroll            ||     1
 Stab: Sleeping          ||     1
Armor: Skin              ||     1
Dodge: Dodged            ||     5

Table legend: (Time is in decaauts)
 A = Elapsed time spent in this place.
 B = Non-inter-level travel time spent in this place.
 C = Inter-level travel time spent in this place.
 D = Time resting spent in this place.
 E = Time spent auto-exploring this place.
 F = Levels seen in this place.
 G = Mean time per level.
                   A        B        C        D        E       F      G
               +--------+--------+--------+--------+--------+-----+--------+
         Total |    300 |    273 |     27 |      0 |    136 |   2 |  150.0 |
       Dungeon |    124 |    124 |      0 |      0 |      0 |   1 |  124.0 |
        Temple |    175 |    148 |     27 |      0 |    136 |   1 |  175.0 |
               +--------+--------+--------+--------+--------+-----+--------+

Top non-repeatable levels by time:
  Temple: 175 daAuts
     D:5: 124 daAuts
